 Dungeon Sprint DCSS version 0.18.1-50-g88ac8fd (webtiles) character file.

595 Kagutsuchi the Fighter (level 7, -1/69 (72) HPs)
             Began as a Mottled Draconian Berserker on Oct 22, 2016.
             Was a Follower of Trog.
             Killed from afar by an electric eel (8 damage)
             ... with a bolt of electricity
             ... in the Dungeon (Sprint II: "The Violet Keep of Menkaure").
             The game lasted 00:00:51 (599 turns).

Kagutsuchi the Fighter (Mottled Draconian Berserker) Turns: 599, Time: 00:00:55

HP:   -1/69 (72)    AC:  6    Str: 20    XL:     7   Next: 16%
MP:   7/7           EV: 16    Int:  7    God:    Trog [*.....]
Gold: 243           SH:  0    Dex: 12    Spells: 0 memorised, 6 levels left

rFire  . . .     SeeInvis .     a - +0 falchion
rCold  . . .     Gourm    .     (armour unavailable)
rNeg   . . .     Faith    .     (no shield)
rPois  .         Spirit   .     (helmet restricted)
rElec  .         Dismiss  .     (no cloak)
rCorr  .         Reflect  .     (no gloves)
SustAt .         Harm     .     (no boots)
MR     .....     NoTele   +     (no amulet)
Stlth  +.........               (no ring)
                                (no ring)

@: exhausted, slowed, very slow, not resistant to hostile enchantments, very
unstealthy
A: breathe sticky flame splash, unfitting armour, cold-blooded, AC +6
a: Breathe Sticky Flame, Berserk, Burn Spellbooks, Renounce Religion


You were in the Dungeon.
You worshipped Trog.
Trog was aware of your devotion.
You were hungry.

You visited 1 branch You collected 243 gold pieces.

Inventory:

Hand Weapons
 a - a +0 falchion (weapon)
Scrolls
 h - a scroll of blinking
Potions
 c - a potion of curing
 e - a potion of haste
 f - 2 potions of magic
 g - a potion of berserk rage
Comestibles
 b - a bread ration


   Skills:
 + Level 10.1 Fighting
 + Level 9.2 Long Blades
 + Level 9.2 Dodging


You had 6 spell levels left.
You didn't know any spells.

Dungeon Overview and Level Annotations

Branches:
Dungeon (1/1)

Altars:


Innate Abilities, Weirdness & Mutations

You can spit globs of burning liquid.
You can ignite nearby creatures when you spit burning liquid.
Your weird mottled scales are hard (AC +6).
Your body does not fit into most forms of armour.
You are cold-blooded and may be slowed by cold attacks.


Message History

An electric eel comes into view.
A neqoxec comes into view.
You are no longer berserk.
You are exhausted.
You feel yourself slow down.
You are feeling hungry.
The neqoxec shouts!
The electric eel shoots out a bolt of lightning at you!
The bolt of electricity hits you!
The electric eel shoots out a bolt of lightning at you!
The bolt of electricity hits you! x2
* * * LOW HITPOINT WARNING * * *
The neqoxec gestures at you.
Something tries to feed on your intellect!
The electric eel shoots out a bolt of lightning at you!
The bolt of electricity hits you!
* * * LOW HITPOINT WARNING * * *
The electric eel shoots out a bolt of lightning at you!
The bolt of electricity hits you!
You die...

##§§§≈§§§
+≈≈§;§§§
#;§§§;§
#§§§;;
#§§'#++ ....
##'## #.@.##
#.3##.# #
####.#### ##.
#'###.##
#.B.##.##...#
#+.<.'.#
#$B.##.##...#
##. #+###.##
# ##


You could see a neqoxec and 5 electric eels.

Vanquished Creatures
  2 neqoxecs (D)
  4 necrophages (D)
6 creatures vanquished.

Vanquished Creatures (others)
  Menkaure (D)
  A crocodile (D)
2 creatures vanquished.

Grand Total: 8 creatures vanquished

Notes
Turn   | Place    | Note
--------------------------------------------------------------
     0 | D        | Kagutsuchi the Draconian Berserker began the quest for the Orb.
     0 | D        | Reached XP level 1. HP: 19/19 MP: 1/1
     1 | D        | Noticed a necrophage
     1 | D        | Noticed a necrophage
     1 | D        | Noticed a necrophage
     1 | D        | Noticed a necrophage
    11 | D        | Killed a necrophage
    11 | D        | Reached skill level 6 in Fighting
    11 | D        | Reached skill level 5 in Long Blades
    11 | D        | Reached skill level 5 in Dodging
    11 | D        | Reached XP level 2. HP: 30/30 MP: 2/2
    11 | D        | Reached XP level 3. HP: 36/37 MP: 3/3
    11 | D        | Reached XP level 4. HP: 44/44 MP: 4/4
    17 | D        | Killed a necrophage
    17 | D        | Reached skill level 7 in Fighting
    17 | D        | Reached XP level 5. HP: 49/52 MP: 5/5
    26 | D        | HP: 2/50 [necrophage (1)]
    27 | D        | Killed a necrophage
    27 | D        | Reached skill level 8 in Fighting
    27 | D        | Reached XP level 6. HP: 2/59 MP: 6/6
    39 | D        | Reached skill level 9 in Fighting
    49 | D        | Killed Menkaure
   572 | D        | Noticed a boulder beetle
   572 | D        | Noticed a boulder beetle
   576 | D        | Noticed a neqoxec
   585 | D        | Noticed a neqoxec
   589 | D        | Killed a neqoxec
   595 | D        | Killed a neqoxec
   595 | D        | Reached skill level 10 in Fighting
   595 | D        | Your scales start taking on a weird mottled colour.
   595 | D        | Reached XP level 7. HP: 69/69 MP: 7/7
   598 | D        | Noticed a neqoxec
   599 | D        | Killed from afar by an electric eel

Skill      XL: |  1  2  3  4  5  6 |
---------------+-------------------+-----
Fighting       | 6 7 8 10 | 10.1
Long Blades    | 5 7 9 |  9.2
Dodging        | 5 6 7 9 |  9.2

Action                   |  1- 3 |  4- 6 |  7- 9 || total
-------------------------+-------+-------+-------++-------
Melee: Falchion          |     9 |    42 |       ||    51
       Tailslap          |       |    12 |       ||    12
Invok: Berserk           |     1 |     1 |       ||     2
  Use: Potion            |       |     1 |       ||     1
Armor: Skin              |       |    11 |       ||    11
Dodge: Dodged            |     2 |    25 |       ||    27
